 Dungeon Crawl Stone Soup version 0.30-a0-341-g682706514a (webtiles) character file.

Game seed: 13693748209018599838

54 koil the Sneak (level 3, 0/17 HPs)
             Began as a Spriggan Enchanter on Nov 3, 2022.
             Slain by a quokka (4 damage)
             ... on level 3 of the Dungeon.
             The game lasted 00:02:53 (1236 turns).

koil the Sneak (Spriggan Enchanter)                 Turns: 1236, Time: 00:02:54

Health: 0/17       AC:  2    Str:  4    XL:     3   Next: 66%
Magic:  8/8        EV: 17    Int: 18    God:
Gold:   126        SH:  0    Dex: 15    Spells: 6/8 levels left

rFire   . . .      SeeInvis +    a - +1 dagger
rCold   . . .      Faith    .    (no shield)
rNeg    . . .      Spirit   .    b - +0 robe
rPois   .          Reflect  .    (helmet restricted)
rElec   .          Harm     .    (no cloak)
rCorr   .          Rampage  .    (gloves unavailable)
Will    .....                    (boots unavailable)
Stlth   +++.......               k - amulet of magic regeneration
HPRegen 0.22/turn                f - ring of flight
MPRegen 0.51/turn                (no ring)

@: flying, studying Shields, very quick
A: very small, no large weapons, unfitting armour, see invisible, speed 3
a: no special abilities


You were on level 3 of the Dungeon.
You visited 1 branch of the dungeon, and saw 3 of its levels.

You collected 126 gold pieces.

Inventory:

Hand Weapons
 a - a +1 dagger (weapon)
Missiles
 j - 4 poisoned darts (quivered)
Armour
 b - a +0 robe (worn)
Magical Staves
 i - a staff of conjuration
Jewellery
 f - a ring of flight (left hand)
 k - an amulet of magic regeneration (around neck)
Scrolls
 d - a scroll of noise {unknown}
 e - a scroll of acquirement {unknown}
 g - a scroll of teleportation {unknown}
 l - 2 scrolls of identify {unknown}
 n - a scroll of blinking {unknown}
 p - a scroll of magic mapping {unknown}
 q - a scroll of enchant armour {unknown}
 r - a scroll of poison {unknown}
Potions
 c - 2 potions of invisibility
 h - a potion of heal wounds {unknown}
 m - 2 potions of haste {unknown}
 o - a potion of ambrosia {unknown}
 s - a potion of degeneration {unknown}
 t - a potion of lignification {unknown}


   Skills:
 + Level 0.8 Fighting
 + Level 1.9 Short Blades
 + Level 3.3 Dodging
 + Level 5.0 Stealth
 + Level 3.2 Spellcasting
 + Level 4.0 Hexes


You had 6 spell levels left.
You knew the following spells:

 Your Spells              Type           Power      Damage    Failure   Level
a - Ensorcelled Hibernat  Hex/Ice        20%        N/A       11%         2

Your spell library contained the following spells:

 Spells                   Type           Power      Damage    Failure   Level
 Confusing Touch          Hex            17%        N/A       10%         3
 Tukima's Dance           Hex            17%        N/A       10%         3
 Dazzling Flash           Conj/Hex       20%        N/A       22%         3
 Cigotuvi's Dreadful Rot  Necr/Pois/Air  4%         N/A       24%         2
 Poisonous Vapours        Pois/Air       4%         N/A       24%         2
 Mephitic Cloud           Conj/Pois/Air  2%         N/A       43%         3
 Iskenderun's Mystic Bla  Conj/Tloc      2%         2d3       85%         4
 Starburst                Conj/Fire      1%         6d3       100%        6


Dungeon Overview and Level Annotations

Branches:
Dungeon (3/15)

Altars:


Innate Abilities, Weirdness & Mutations

You are very small and have problems with some larger weapons.
You are too small for most types of armour.
You have supernaturally acute eyesight. (SInv)
You cover ground extremely quickly. (Speed+++)


Message History

The frilled lizard hisses.
The giant cockroach barely misses you.
You hit the giant cockroach.
The giant cockroach is moderately wounded.
The giant cockroach completely misses you.
You hit the giant cockroach but do no damage.
The giant cockroach is moderately wounded.
The giant cockroach completely misses you.
You hit the giant cockroach.
The giant cockroach is almost dead.
The giant cockroach misses you.
You barely miss the giant cockroach.
The giant cockroach is almost dead.
The giant cockroach misses you.
You closely miss the giant cockroach.
The giant cockroach is almost dead.
The giant cockroach closely misses you.
You barely miss the giant cockroach.
The giant cockroach is almost dead.
The giant cockroach barely misses you.
You hit the giant cockroach.
You kill the giant cockroach!
You hit the endoplasm.
The endoplasm is severely wounded.
The endoplasm hits you.
You hit the endoplasm.
The endoplasm is almost dead.
The endoplasm hits you.
You hit the endoplasm.
You kill the endoplasm!
You hit the quokka but do no damage. The quokka closely misses you.
You barely miss the quokka. The quokka closely misses you.
You hit the quokka.
The quokka is almost dead.
The quokka bites you.
* * * LOW HITPOINT WARNING * * *
You hit the quokka but do no damage.
The quokka is almost dead.
The quokka bites you.
You die...

........†.#
##........#
#........#
######'### #.##
#..## ##..# ##.#
#@# #r## . ###l.###
..#######....$.##
.................#
..............##.#
...................
................!##
..........####...#


You could see a quokka and a frilled lizard.

Vanquished Creatures
  3 adders
  A dart slug (D:3)
  3 ball pythons
  3 endoplasms
  A giant cockroach (D:3)
  A goblin (D:2)
  2 hobgoblins
  3 jackals (D:3)
  2 quokkas (D:2)
  A bat (D:2)
  A frilled lizard (D:3)
  4 rats
25 creatures vanquished.

Notes
Turn   | Place    | Note
-------+----------+-------------------------------------------
     0 | D:1      | koil the Spriggan Enchanter began the quest for the Orb.
     0 | D:1      | Reached XP level 1. HP: 9/9 MP: 5/5
   616 | D:2      | Reached XP level 2. HP: 13/13 MP: 6/6
   619 | D:2      | Learned a level 2 spell: Ensorcelled Hibernation
   920 | D:2      | Reached XP level 3. HP: 17/17 MP: 8/8
  1192 | D:3      | Reached skill level 5 in Stealth
  1236 | D:3      | Slain by a quokka

Illustrated notes

Levels and vault maps discovered:
D:1:      dpeg_arrival_tiny_k, layout_rooms
D:2:      layout_basic
D:3:      layout_basic, ebering_ecumenical_altar_rust

Skill      XL: |  1  2  3 |
---------------+----------+-----
Dodging        | 3 |  3.3
Spellcasting   | 3 |  3.2
Hexes          | 4 |  4.0
Stealth        | 5 |  5.0
Fighting       | |  0.8
Short Blades   | |  1.9

Action                   || total
-------------------------++-------
Melee: Dagger            ||   100
       Punch             ||     2
 Stab: Sleeping          ||     8
       Distracted        ||     1
Armor: Robe              ||     4
Dodge: Dodged            ||    72

Table legend: (Time is in decaauts)
 A = Elapsed time spent in this place.
 B = Non-inter-level travel time spent in this place.
 C = Inter-level travel time spent in this place.
 D = Time resting spent in this place.
 E = Time spent auto-exploring this place.
 F = Levels seen in this place.
 G = Mean time per level.
                   A        B        C        D        E       F      G
               +--------+--------+--------+--------+--------+-----+--------+
         Total |    823 |    808 |     15 |      0 |    588 |   3 |  274.3 |
       Dungeon |    823 |    808 |     15 |      0 |    588 |   3 |  274.3 |
               +--------+--------+--------+--------+--------+-----+--------+

Top non-repeatable levels by time:
     D:2: 399 daAuts
     D:1: 306 daAuts
     D:3: 118 daAuts
